 Dungeon Crawl Stone Soup version 0.29.1-12-g30fa7ad0bf (webtiles) character file.

Game seed: 14632905674001896366

135 hawla the Firebug (level 5, -1/38 HPs)
             Began as a Meteoran Fire Elementalist on Jan 9, 2023.
             Killed by nerve-wracking pain
             ... invoked by an orc priest
              (2 damage)
             ... on level 4 of the Dungeon.
             The game lasted 00:03:50 (872 turns).

hawla the Firebug (Meteoran Fire Elementalist)       Turns: 872, Time: 00:03:51

Health: -1/38      AC:  2    Str:  7    XL:     5   Next: 70%
Magic:  5/10       EV: 13    Int: 27    God:
Gold:   75         SH:  0    Dex: 17    Spells: 3/10 levels left

rFire   . . .      SeeInvis .   (no weapon)
rCold   . . .      Faith    .   (no shield)
rNeg    . . .      Spirit   .   d - +0 robe of Elysyall {Str-2 Int+8 Dex+3}
rPois   .          Reflect  .   (no helmet)
rElec   .          Harm     .   (no cloak)
rCorr   .          Rampage  .   (no gloves)
Will    .....                   (no boots)
Stlth   +.........              (no amulet)
HPRegen 0.12/turn               (no ring)
MPRegen 0.12/turn               (no ring)

@: attractive, flying, glowing
A: sense surroundings 1, otherworldly, glowing, explore regen
a: no special abilities


You were on level 4 of the Dungeon.
You visited 1 branch of the dungeon, and saw 4 of its levels.

You collected 75 gold pieces.

Inventory:

Armour
 d - the +0 robe of Elysyall (worn) {Str-2 Int+8 Dex+3}
   (You found it on level 2 of the Dungeon)

   Str:       It affects your strength (-2).
   Int:       It affects your intelligence (+8).
   Dex:       It affects your dexterity (+3).
Jewellery
 a - the ring "Bosum" {*Slow AC+4 Int-4 Dex+8}
   (You found it on level 4 of the Dungeon)

   [ring of protection]

   AC:        It affects your AC (+4).
   Int:       It affects your intelligence (-4).
   Dex:       It affects your dexterity (+8).
   *Slow:     It may slow you when you take damage.
Wands
 e - a wand of charming (7) (quivered)
Scrolls
 g - a scroll of fear {unknown}
 h - a scroll of amnesia {unknown}
Potions
 b - a potion of magic


   Skills:
 - Level 0.1 Fighting
 - Level 2.5 Dodging
 - Level 1.4 Stealth
 - Level 3.2 Spellcasting
 + Level 4.2 Conjurations
 - Level 4.9 Fire Magic


You had 3 spell levels left.
You knew the following spells:

 Your Spells              Type           Power      Damage    Failure   Level
a - Foxfire               Conj/Fire      100%       2x1d9     1%          1
b - Scorch                Fire           62%        2d8       1%          2
c - Flame Wave            Conj/Fire      29%        2d9       13%         4

Your spell library contained the following spells:

 Spells                   Type           Power      Damage    Failure   Level
 Conjure Flame            Conj/Fire      29%        6-21      3%          3
 Inner Flame              Hex/Fire       17%        N/A       10%         3


Dungeon Overview and Level Annotations

Branches:
Dungeon (4/15) Zot: 1527
 Temple: D:4-7

Altars:
Kikubaaqudgha

Portals:
Sewer: D:4

Annotations:
D:3 Ijyb, Robin


Innate Abilities, Weirdness & Mutations

You passively map a small area around you.
You are easily found by Zot.
You glow in the dark.
You regain HP and MP as you explore.


Message History

The adder hisses angrily.
An orc comes into view. It is wielding a +0 hand axe.
The orc shouts!
An orc priest comes into view.
It is wielding a +1 flail of protection.
The orc moves out of view.
You see here a scroll labelled BILYRO MOWISOASEU.
The orc priest shouts!
The orc priest mumbles some strange prayers to Beogh against you.
Beogh smites you!
The orc priest calls down the wrath of Beogh upon you.
Beogh smites you!
You hear a shout!
You see here a scroll labelled BILYRO MOWISOASEU.
h - a scroll labelled BILYRO MOWISOASEU An orc wizard comes into view.
It is wielding a +0 dagger of venom.
It was a potion of flight.
You feel very buoyant.
You fly up into the air.
It was a potion of attraction.
You feel attractive to monsters. The orc wizard is attracted toward you.
The orc priest is attracted toward you.
Casting: Foxfire (safe; 1% risk of failure)
Confirm with . or Enter, or press ? or * to list all spells.
The spell is quite dangerous to miscast (13% risk of failure)!
Continue anyway?
Casting: Flame Wave (quite dangerous; 13% risk of failure)
Press: ? - help, Dir - look around, f - activate A wave of flame ripples out!
The flame wave engulfs the orc!
You kill the orc! (Press . to intensify the flame waves.)
The orc priest mumbles some strange prayers to Beogh against you.
Beogh smites you!
* * * LOW HITPOINT WARNING * * *
The orc wizard is attracted toward you. The orc priest is attracted toward you.
A wave of flame ripples out!
The flame wave engulfs the orc wizard.
The orc wizard is heavily wounded.
The flame wave engulfs the orc priest!
The orc priest is severely wounded.
The orc priest mumbles some strange prayers to Beogh against you.
Pain shoots through your body!
You die...

#..###..####.#**
..# *#.##...#
.###
##.....#####.,* #
#............
#.....##..#######
...# #..#B~~~~#
#. #..#S~∩~~+ #
*#. ##..#BB~~~#
..o.#.#@..#######
§§.§§o)o...[.....
....#####.#######
.., #.# * #.. , *
###., * , .. , ,
,.. ,


You could see an orc priest, an orc wizard, an adder and 3 giant cockroaches.

Vanquished Creatures
  An orc priest (D:3)
  Jessica (D:3)
  Natasha (D:3)
  2 adders (D:2)
  A dart slug (D:2)
  2 orcs
  4 ball pythons
  3 endoplasms (D:2)
  7 goblins
  5 hobgoblins
  A quokka (D:2)
  A frilled lizard (D:2)
  3 kobolds
32 creatures vanquished.

Vanquished Creatures (others)
  57 foxfires
57 creatures vanquished.

Grand Total: 89 creatures vanquished

Notes
Turn   | Place    | Note
-------+----------+-------------------------------------------
     0 | D:1      | hawla the Meteoran Fire Elementalist began the quest for
                  | the Orb.
     0 | D:1      | Reached XP level 1. HP: 14/14 MP: 5/5
    22 | D:3      | Noticed an orc priest
    80 | D:2      | Found an ancient bone altar of Kikubaaqudgha.
    84 | D:3      | Noticed Robin
    85 | D:3      | Noticed Ijyb
    90 | D:2      | Reached XP level 2. HP: 12/20 MP: 2/6
    94 | D:2      | Learned a level 2 spell: Scorch
   130 | D:2      | Reached XP level 3. HP: 26/26 MP: 5/8
   300 | D:2      | Identified the +0 robe of Elysyall {Str-2 Int+8 Dex+3}
   537 | D:2      | Reached XP level 4. HP: 33/33 MP: 5/9
   542 | D:2      | Learned a level 4 spell: Flame Wave
   579 | D:3      | Noticed Natasha
   583 | D:3      | Killed Natasha
   595 | D:3      | Noticed Jessica
   599 | D:3      | Killed Jessica
   600 | D:3      | Reached XP level 5. HP: 33/38 MP: 5/10
   701 | D:4      | Identified the ring "Bosum" {*Slow AC+4 Int-4 Dex+8}
   856 | D:4      | Found a glowing drain.
   871 | D:4      | HP: 1/38 [orc priest/divine providence (11)]
   872 | D:4      | Killed from afar by an orc priest

Illustrated notes

Levels and vault maps discovered:
D:1:      dpeg_arrival_long_road, layout_basic,
          hellmonk_ecumenical_altar_inner_sanctum
D:2:      layout_loops_corners, basic_altar
D:3:      minmay_spotlight, layout_basic, st_stairs_1, fountainhead,
          uniq_natasha, uniq_robin, uniq_ijyb, uniq_jessica
D:4:      layout_rooms, minmay_temple_entry_poolview, gup_sewer_entry_glass,
          nicolae_shop_sticking_my_neck_out

Skill      XL: |  1  2  3  4  5 |
---------------+----------------+-----
Fire Magic     | 4 |  4.9
Spellcasting   | 3 |  3.2
Conjurations   | 3 4 |  4.2
Fighting       | |  0.1
Dodging        | |  2.5
Stealth        | |  1.4

Action                   |  1- 3 |  4- 6 || total
-------------------------+-------+-------++-------
Melee: Unarmed           |     6 |     3 ||     9
 Cast: Foxfire           |    18 |    16 ||    34
       Scorch            |     7 |     2 ||     9
       Flame Wave        |       |     1 ||     1
  Use: Scroll            |     1 |     2 ||     3
       Potion            |       |     2 ||     2
Armor: Robe              |     7 |     1 ||     8
Dodge: Dodged            |    15 |     7 ||    22
